 Dungeon Crawl Stone Soup version 0.30-a0-1050-g2766ea1e55 (webtiles) character file.

Game seed: 16085698190041116599

423 Arcadio the Grave Robber (level 6, -3/51 HPs)
             Began as a Ghoul Necromancer on Apr 10, 2023.
             Killed by divine providence
             ... invoked by an orc priest
              (11 damage)
             ... on level 6 of the Dungeon.
             The game lasted 00:13:38 (4266 turns).

Arcadio the Grave Robber (Ghoul Necromancer)        Turns: 4266, Time: 00:13:40

Health: -3/51      AC:  3    Str: 12    XL:     6   Next: 95%
Magic:  0/9        EV: 17    Int: 12    God:
Gold:   129        SH:  0    Dex:  9    Spells: 3/11 levels left

rFire   . . .      SeeInvis .    p - +0 war axe
rCold   + . .      Faith    .    (no shield)
rNeg    + + +      Spirit   .    a - +1 robe
rPois   ∞          Reflect  .    (no helmet)
rElec   .          Rampage  .    (no cloak)
rCorr   .                        (no gloves)
Will    .....                    (no boots)
Stlth   ++                       (no amulet)
HPRegen 0.00/turn                i - +5 ring of evasion
MPRegen 0.11/turn                (no ring)

@: very slightly contaminated, inhibited regen
A: claws 1, cold resistance 1, negative energy resistance 3, inhibited
regeneration, torment resistance 2, devour on kill
a: no special abilities


You were on level 6 of the Dungeon.
You visited 1 branch of the dungeon, and saw 6 of its levels.

You collected 129 gold pieces.

Inventory:

Hand Weapons
 p - a +0 war axe (weapon)
Armour
 a - a +1 robe (worn)
Jewellery
 i - a +5 ring of evasion (left claw)
 l - a ring of fire
 t - a ring of fire
Scrolls
 b - 2 scrolls of amnesia
 j - a scroll of magic mapping {unknown}
 k - a scroll of enchant armour
 n - a scroll of acquirement {unknown}
 u - a scroll of brand weapon {unknown}
 v - a scroll of noise {unknown}
Potions
 c - 3 potions of curing
 d - a potion of berserk rage
 e - a potion of invisibility
 f - 2 potions of heal wounds
 m - a potion of haste {unknown}
 o - a potion of flight {unknown}
 q - a potion of mutation {unknown}
 s - a potion of brilliance {unknown}


   Skills:
 + Level 3.4 Fighting
 + Level 3.5 Dodging
 - Level 2.1 Stealth
 + Level 3.2 Spellcasting
 * Level 5.3 Necromancy


You had 3 spell levels left.
You knew the following spells:

 Your Spells              Type           Power      Damage    Failure   Level
a - Necrotise             Necr           56%        1d6       2%          1
b - Vampiric Draining     Necr           14%        2d7       8%          3
c - Animate Dead          Necr           14%        N/A       26%         4

Your spell library contained the following spells:

 Spells                   Type           Power      Damage    Failure   Level
 Apportation              Tloc           2%         N/A       24%         1
 Summon Small Mammal      Summ           4%         N/A       24%         1
 Call Canine Familiar     Summ           1%         N/A       58%         3
 Summon Guardian Golem    Hex/Summ       1%         N/A       58%         3
 Agony                    Necr           14%        N/A       58%         5
 Alistair's Intoxication  Tmut/Pois      0%         N/A       100%        5


Dungeon Overview and Level Annotations

Branches:
Dungeon (6/15) Zot: 26751
 Temple: D:4-7

Altars:

Shops:
D:1 [   D:4 *

Annotations:
D:5 Eustachio


Innate Abilities, Weirdness & Mutations

You are immune to poison.
You have sharp fingernails.
Your flesh is cold resistant. (rC+)
You are immune to negative energy. (rN+++)
You do not regenerate when monsters are visible.
You are immune to unholy pain and torment.
You thrive by killing the living.


Message History

The black bear attacks as you move away!
The black bear bites you!
* * * LOW HITPOINT WARNING * * *
The black bear completely misses you.
The black bear claws you but does no damage.
Your surroundings suddenly seem different.
An orc priest comes into view. It is wielding a +0 mace.
The orc wizard gestures at you while chanting.
The magic dart hits you!
* * * LOW HITPOINT WARNING * * *
The orc priest shouts!
Casting: Necrotise (safe; 2% risk of failure)
Confirm with . or Enter, or press ? or * to list all spells.
Aiming: Vampiric Draining (dangerous; 8% risk of failure)
Press: ? - help, Shift-Dir - straight line, f - orc wizard
Aim: an orc wizard, wielding a +0 dagger and wearing a +0 robe You miscast Vampiric Draining.
You are very lightly contaminated with residual magic.
Nothing appears to happen.
The orc priest barely misses you.
The orc wizard casts a spell.
The orc wizard flickers and vanishes!
Deactivating autopickup; reactivate with Ctrl-A.
Casting: Vampiric Draining (dangerous; 8% risk of failure)
Confirm with . or Enter, or press ? or * to list all spells.
Aiming: Vampiric Draining (dangerous; 8% risk of failure)
Press: ? - help, Shift-Dir - straight line, f - orc priest
Aim: an orc priest, wielding a +0 mace You draw life force from the orc priest.
You feel life coursing into your body. Something hits you but does no damage.
The orc priest miscasts a cantrip.
Casting: Vampiric Draining (dangerous; 8% risk of failure)
Confirm with . or Enter, or press ? or * to list all spells.
Aiming: Vampiric Draining (dangerous; 8% risk of failure)
Press: ? - help, Shift-Dir - straight line, f/p - orc priest
Aim: an orc priest, wielding a +0 mace (moderately wounded)
You draw life force from the orc priest!
You feel life coursing into your body.
The orc priest mumbles some strange prayers to Beogh against you.
Beogh smites you!
You die...

#########
##.......#######
#.......g....!.#
###.......##.....#
#.gg..gg######...#
#.###..#.#..#o#.@#
#.# #..##.##.##o{#
..###g##.#$$#.##.#
......##.#$$#o##.#
#.###..##.##.##§§#
...##..#[#..#.#§§#
....#...######..§#
........ #§h$..#
....... ..§§§§..#


You could see an orc priest and a gnoll.

Vanquished Creatures
  A scorpion (D:6)
  A howler monkey (D:4)
  2 jellies (D:4)
  2 hounds
  An iguana (D:3)
  An orc wizard (D:3)
  2 gnolls
  4 adders
  2 worms
  3 dart slugs (D:1)
  12 orcs
  8 ball pythons
  4 bats
  6 endoplasms
  5 giant cockroaches
  8 goblins
  3 hobgoblins
  2 jackals (D:4)
  6 kobolds
  2 quokkas
  4 frilled lizards
  7 rats
86 creatures vanquished.

Vanquished Creatures (collateral kills)
  An endoplasm (D:2)
  A frilled lizard (D:2)
2 creatures vanquished.

Grand Total: 88 creatures vanquished

Notes
Turn   | Place    | Note
-------+----------+-------------------------------------------
     0 | D:1      | Arcadio the Ghoul Necromancer began the quest for the Orb.
     0 | D:1      | Reached XP level 1. HP: 14/14 MP: 2/2
   149 | D:1      | Reached XP level 2. HP: 22/22 MP: 3/3
   289 | D:1      | Reached skill level 1 in Fighting
   557 | D:1      | Found Majo's Armour Boutique.
   700 | D:1      | Reached XP level 3. HP: 28/28 MP: 2/5
   704 | D:1      | Learned a level 3 spell: Vampiric Draining
  1630 | D:2      | Reached XP level 4. HP: 36/36 MP: 0/6
  2536 | D:3      | Learned a level 4 spell: Animate Dead
  2551 | D:3      | Reached XP level 5. HP: 42/42 MP: 3/7
  3110 | D:4      | HP: 1/42 [gnoll/+0 spear (6)]
  3124 | D:4      | HP: 2/42 [gnoll/+0 spear (7)]
  3415 | D:4      | Reached XP level 6. HP: 27/50 MP: 1/9
  3507 | D:4      | Reached skill level 5 in Necromancy
  3949 | D:4      | Found Koesuuss's Overcharged Wands.
  3968 | D:4      | Identified the +1 chain mail of Inquiry {rN+}
  4008 | D:4      | You fall into a shaft and drop 2 floors!
  4033 | D:5      | Entered Level 5 of the Dungeon
  4033 | D:5      | Noticed Eustachio
  4247 | D:6      | Noticed an orc warrior
  4259 | D:6      | Noticed a black bear
  4263 | D:6      | HP: 2/51 [orc wizard/magic dart (8)]
  4266 | D:6      | Killed from afar by an orc priest

Illustrated notes

Levels and vault maps discovered:
D:1:      dpeg_arrival_connections, layout_loops_ring, serial_shops, shop
D:2:      layout_basic, minmay_misc_feat_room, minmay_misc_feat_diagonals,
          minmay_pentomino_v2
D:3:      layout_basic, kennysheep_decorative_pillar
D:4:      layout_loops_cross, nicolae_shop_overcharged_wands
D:5:      layout_rooms, minmay_temple_entry_stoned_glass, minivault_27,
          uniq_menkaure, uniq_pikel, uniq_crazy_yiuf_cottage, uniq_eustachio
D:6:      layout_loops_ring, minivault_22

Skill      XL: |  1  2  3  4  5  6 |
---------------+-------------------+-----
Dodging        | 2 3 |  3.5
Spellcasting   | 2 3 |  3.2
Fighting       | 1 2 3 |  3.4
Necromancy     | 5 |  5.3
Stealth        | |  2.1

Action                     |  1- 3 |  4- 6 || total
---------------------------+-------+-------++-------
  Melee: Unarmed           |    74 |    27 ||   101
         War axe           |       |   152 ||   152
   Cast: Necrotise         |    40 |    66 ||   106
         Vampiric Draining |     1 |     7 ||     8
    Use: Potion            |     1 |     2 ||     3
         Scroll            |       |    10 ||    10
   Stab: Sleeping          |       |     3 ||     3
 Armour: Robe              |     9 |    31 ||    40
  Dodge: Dodged            |    48 |   202 ||   250

Table legend: (Time is in decaauts)
 A = Elapsed time spent in this place.
 B = Non-inter-level travel time spent in this place.
 C = Inter-level travel time spent in this place.
 D = Time resting spent in this place.
 E = Time spent auto-exploring this place.
 F = Levels seen in this place.
 G = Mean time per level.
                   A        B        C        D        E       F      G
               +--------+--------+--------+--------+--------+-----+--------+
         Total |   4341 |   4262 |     79 |    532 |   2643 |   6 |  723.5 |
       Dungeon |   4341 |   4262 |     79 |    532 |   2643 |   6 |  723.5 |
               +--------+--------+--------+--------+--------+-----+--------+

Top non-repeatable levels by time:
     D:3: 1161 daAuts
     D:2: 1077 daAuts
     D:1: 1051 daAuts
     D:4: 779 daAuts
     D:6: 270 daAuts
     D:5: 1 daAuts
